TOP OF THE 1ST |
Rancho Cucamonga Quakes batting - Pitching for Fort Myers Miracle : RHP Ruben Requena
|
Pitching: RHP Ruben Requena
|
|
Batting: RHB Daniel Samano
|
0-0: Ball 1-0: Ball 2-0: Ball 3-0: Base on Balls
|
Batting: RHB John Piccolo
|
0-0: Called Strike 0-1: Ball 1-1: Called Strike 1-2: Ball 2-2: Strikes out swinging
|
Batting: RHB Jorge Benites
|
0-0: Ball 1-0: Called Strike Daniel Samano steals 2nd base 1-1: DOUBLE (Groundball, 3L, EV 110.0 MPH) Daniel Samano scores
|
Batting: RHB Ryan Alban
|
0-0: Foul Ball, location: 2F 0-1: Foul Ball, location: 2F 0-2: Ball 1-2: Strikes out swinging
|
Batting: RHB Steve Perez
|
0-0: Ball 1-0: Called Strike 1-1: Ball 2-1: Ball 3-1: DOUBLE (Line Drive, 9LD, EV 106.2 MPH) Jorge Benites scores
|
Batting: RHB Tommie Lee
|
0-0: Ball 1-0: Foul Ball, location: 2F 1-1: Ball 2-1: Ball 3-1: SINGLE (Flyball, 8RS, EV 90.0 MPH) Steve Perez to third Runner from 3rd tries for Home, throw by CF and OUT! 8-2
|
Top of the 1st over - 2 runs, 3 hits, 0 errors, 1 left on base; Rancho Cucamonga 2 - Fort Myers 0 |
BOTTOM OF THE 1ST |
Fort Myers Miracle batting - Pitching for Rancho Cucamonga Quakes : RHP Mike Richardson
|
Pitching: RHP Mike Richardson
|
|
Batting: LHB Marshall Daul
|
0-0: Called Strike 0-1: Foul Ball, location: 2F 0-2: Ball 1-2: Strikes out swinging
|
Batting: SHB Matt Urbani
|
0-0: SINGLE (Flyball, 3D, EV 88.8 MPH)
|
Batting: RHB Ryan Gautney
|
0-0: Ball 1-0: Called Strike Matt Urbani is caught stealing 2nd base 2-4 1-1: Foul Ball, location: 2F 1-2: Ball 2-2: Ground out 6-3 (Groundball, 56, EV 84.4 MPH)
|
Bottom of the 1st over - 0 runs, 1 hit, 0 errors, 0 left on base; Rancho Cucamonga 2 - Fort Myers 0 |
TOP OF THE 2ND |
Rancho Cucamonga Quakes batting - Pitching for Fort Myers Miracle : RHP Ruben Requena
|
Batting: SHB Justin Toth
|
0-0: Swinging Strike 0-1: Foul Ball, location: 2F 0-2: Strikes out swinging
|
Batting: RHB Jim Rogers
|
0-0: Foul Ball, location: 2F 0-1: Called Strike 0-2: Ball 1-2: Foul Ball, location: 2F 1-2: Foul Ball, location: 2F 1-2: Foul Ball, location: 2F 1-2: Ball 2-2: SINGLE (Groundball, 6MD, EV 95.6 MPH)
|
Batting: RHB Mike Dodson
|
0-0: Foul Ball, location: 2F 0-1: Called Strike 0-2: Ball 1-2: Ball 2-2: Fly out, F9 (Flyball, 89M, EV 98.1 MPH)
|
Batting: RHB Daniel Samano
|
0-0: Called Strike 0-1: Fly out, F3 (Flyball, 3D, EV 85.6 MPH)
|
Top of the 2nd over - 0 runs, 1 hit, 0 errors, 1 left on base; Rancho Cucamonga 2 - Fort Myers 0 |
BOTTOM OF THE 2ND |
Fort Myers Miracle batting - Pitching for Rancho Cucamonga Quakes : RHP Mike Richardson
|
Batting: RHB John Dew
|
0-0: Foul Ball, location: 2F 0-1: Foul Ball, location: 2F 0-2: Fly out, F8 (Flyball, 78M, EV 73.8 MPH)
|
Batting: SHB Manny Molina
|
0-0: Swinging Strike 0-1: Ball 1-1: Ball 2-1: Swinging Strike 2-2: Strikes out looking
|
Batting: LHB Tomas Espino
|
0-0: Ball 1-0: Ground out 6-3 (Groundball, 6, EV 90.6 MPH)
|
Bottom of the 2nd over - 0 runs, 0 hits, 0 errors, 0 left on base; Rancho Cucamonga 2 - Fort Myers 0 |
TOP OF THE 3RD |
Rancho Cucamonga Quakes batting - Pitching for Fort Myers Miracle : RHP Ruben Requena
|
Batting: RHB John Piccolo
|
0-0: Foul Ball, location: 2F 0-1: Ball 1-1: Called Strike 1-2: Ball 2-2: Foul Ball, location: 2F 2-2: Ball 3-2: Foul Ball, location: 2F 3-2: Fly out, F6 (Popup, 6MS, EV 63.8 MPH)
|
Batting: RHB Jorge Benites
|
0-0: Swinging Strike 0-1: Foul Ball, location: 2F 0-2: Ball 1-2: Ball 2-2: Strikes out swinging
|
Batting: RHB Ryan Alban
|
0-0: Ball 1-0: SINGLE (Flyball, 6MD, EV 95.6 MPH)
|
Batting: RHB Steve Perez
|
0-0: Ball Wild Pitch! Ryan Alban to second 1-0: 2-RUN HOME RUN (Flyball, 7D, EV 102.5 MPH), Distance : 375 ft
|
Batting: RHB Tommie Lee
|
0-0: Ball 1-0: Ball 2-0: Fly out, F8 (Flyball, 8RS, EV 88.1 MPH)
|
Top of the 3rd over - 2 runs, 2 hits, 0 errors, 0 left on base; Rancho Cucamonga 4 - Fort Myers 0 |
BOTTOM OF THE 3RD |
Fort Myers Miracle batting - Pitching for Rancho Cucamonga Quakes : RHP Mike Richardson
|
Batting: RHB Kevin Harris
|
0-0: Called Strike 0-1: Ball 1-1: Ball 2-1: SINGLE (Line Drive, 8LS, EV 92.5 MPH)
|
Batting: RHB Graham Calvert
|
0-0: SINGLE (Groundball, 6MD, EV 103.8 MPH) Kevin Harris to second
|
Batting: RHB Tony Crespo
|
0-0: SINGLE (Line Drive, 4D, EV 95.6 MPH) Kevin Harris to third Graham Calvert to second
|
Batting: LHB Marshall Daul
|
0-0: Ball 1-0: Fly out, F9 (Flyball, 89D, EV 86.2 MPH) Runner from 3rd tags up, SCORES, throw by RF Graham Calvert to third
|
Batting: SHB Matt Urbani
|
0-0: Ball Tony Crespo is caught stealing 2nd base 2-6 1-0: Swinging Strike 1-1: Foul Ball, location: 2F 1-2: Ball 2-2: Foul Ball, location: 2F 2-2: Ball 3-2: Base on Balls
|
Batting: RHB Ryan Gautney
|
0-0: Fly out, F8 (Flyball, 8LD, EV 75.0 MPH)
|
Bottom of the 3rd over - 1 run, 3 hits, 0 errors, 2 left on base; Rancho Cucamonga 4 - Fort Myers 1 |
TOP OF THE 4TH |
Rancho Cucamonga Quakes batting - Pitching for Fort Myers Miracle : RHP Ruben Requena
|
Batting: SHB Justin Toth
|
0-0: Reached on error, E4 (Groundball, 4, EV 100.0 MPH)
|
Batting: RHB Jim Rogers
|
0-0: Called Strike 0-1: Swinging Strike 0-2: Foul Ball, location: 2F 0-2: Ball 1-2: Ball 2-2: Strikes out looking
|
Batting: RHB Mike Dodson
|
0-0: Called Strike Justin Toth steals 3rd base 0-1: Ball 1-1: Called Strike 1-2: Foul Ball, location: 2F 1-2: Strikes out looking
|
Batting: RHB Daniel Samano
|
0-0: Swinging Strike 0-1: Foul Ball, location: 2F 0-2: Foul Ball, location: 2F 0-2: Ball 1-2: Strikes out looking
|
Top of the 4th over - 0 runs, 0 hits, 1 error, 1 left on base; Rancho Cucamonga 4 - Fort Myers 1 |
BOTTOM OF THE 4TH |
Fort Myers Miracle batting - Pitching for Rancho Cucamonga Quakes : RHP Mike Richardson
|
Batting: RHB John Dew
|
0-0: Called Strike 0-1: Ball 1-1: Foul Ball, location: 2F 1-2: Ball 2-2: Ball 3-2: Fly out, F4 (Popup, 34S, EV 72.5 MPH)
|
Batting: SHB Manny Molina
|
0-0: Foul Ball, location: 2F 0-1: Ball 1-1: Foul Ball, location: 2F 1-2: DOUBLE (Line Drive, 5D, EV 94.4 MPH)
|
Batting: LHB Tomas Espino
|
0-0: Ball Manny Molina steals 3rd base 1-0: Swinging Strike 1-1: Ground out 4-3 (Groundball, 34, EV 86.9 MPH) Manny Molina scores
|
Batting: RHB Kevin Harris
|
0-0: Ball 1-0: Foul Ball, location: 2F 1-1: Ball 2-1: Ball 3-1: Base on Balls
|
Batting: RHB Graham Calvert
|
0-0: Ball Kevin Harris steals 2nd base 1-0: Ball 2-0: Foul Ball, location: 2F 2-1: Ball 3-1: Foul Ball, location: 2F 3-2: Foul Ball, location: 2F 3-2: Foul Ball, location: 2F 3-2: Strikes out swinging
|
Bottom of the 4th over - 1 run, 1 hit, 0 errors, 1 left on base; Rancho Cucamonga 4 - Fort Myers 2 |
TOP OF THE 5TH |
Rancho Cucamonga Quakes batting - Pitching for Fort Myers Miracle : RHP Ruben Requena
|
Batting: RHB John Piccolo
|
0-0: Ball 1-0: Called Strike 1-1: Swinging Strike 1-2: SINGLE (Groundball, 56D, EV 105.0 MPH)
|
Batting: RHB Jorge Benites
|
0-0: Called Strike 0-1: Foul Ball, location: 2F 0-2: Strikes out swinging
|
Batting: RHB Ryan Alban
|
0-0: Called Strike 0-1: Ball 1-1: Swinging Strike 1-2: Ball 2-2: Strikes out swinging
|
Batting: RHB Steve Perez
|
0-0: Ball 1-0: Ball 2-0: Called Strike 2-1: Ball 3-1: Ground out 4-3 (Groundball, 34, EV 82.5 MPH)
|
Top of the 5th over - 0 runs, 1 hit, 0 errors, 1 left on base; Rancho Cucamonga 4 - Fort Myers 2 |
BOTTOM OF THE 5TH |
Fort Myers Miracle batting - Pitching for Rancho Cucamonga Quakes : RHP Mike Richardson
|
Batting: RHB Tony Crespo
|
0-0: Ground out 6-3 (Groundball, 6, EV 90.6 MPH)
|
Batting: LHB Marshall Daul
|
0-0: Called Strike 0-1: Ball 1-1: Ball 2-1: Called Strike 2-2: Foul Ball, location: 2F 2-2: Strikes out swinging
|
Batting: SHB Matt Urbani
|
0-0: Ball 1-0: Ground out 4-3 (Groundball, 4D, EV 88.1 MPH)
|
Bottom of the 5th over - 0 runs, 0 hits, 0 errors, 0 left on base; Rancho Cucamonga 4 - Fort Myers 2 |
TOP OF THE 6TH |
Rancho Cucamonga Quakes batting - Pitching for Fort Myers Miracle : RHP Ruben Requena
|
Batting: RHB Tommie Lee
|
0-0: Swinging Strike 0-1: Ball 1-1: Ball 2-1: Swinging Strike 2-2: Strikes out swinging
|
Pitching: RHP Gary Triska
|
|
Batting: SHB Justin Toth
|
0-0: SINGLE (Groundball, 4S, EV 65.6 MPH) (infield hit)
|
Batting: RHB Jim Rogers
|
0-0: Ball 1-0: Ball 2-0: Foul Ball, location: 2F 2-1: Foul Ball, location: 2F 2-2: Foul Ball, location: 2F 2-2: Fielders Choice at 2nd, 4-6 (Groundball, 4, EV 97.5 MPH)
|
Batting: RHB Mike Dodson
|
0-0: Ball Jim Rogers steals 2nd base 1-0: Ball 2-0: Ball 3-0: Called Strike 3-1: Ground out 5-3 (Groundball, 56, EV 90.6 MPH)
|
Top of the 6th over - 0 runs, 1 hit, 0 errors, 1 left on base; Rancho Cucamonga 4 - Fort Myers 2 |
BOTTOM OF THE 6TH |
Fort Myers Miracle batting - Pitching for Rancho Cucamonga Quakes : RHP Mike Richardson
|
Batting: RHB Ryan Gautney
|
0-0: Called Strike 0-1: Ball 1-1: Ground out 6-3 (Groundball, 6, EV 91.2 MPH)
|
Pitching: RHP Nobuharu Kobayashi
|
|
Batting: RHB John Dew
|
0-0: Ball 1-0: Called Strike 1-1: Foul Ball, location: 2F 1-2: Strikes out swinging
|
Batting: SHB Manny Molina
|
0-0: Ball 1-0: Ball 2-0: Called Strike 2-1: Swinging Strike 2-2: Ball 3-2: Foul Ball, location: 2F 3-2: Ground out 5-3 (Groundball, 5S, EV 89.4 MPH)
|
Bottom of the 6th over - 0 runs, 0 hits, 0 errors, 0 left on base; Rancho Cucamonga 4 - Fort Myers 2 |
TOP OF THE 7TH |
Rancho Cucamonga Quakes batting - Pitching for Fort Myers Miracle : RHP Gary Triska
|
Batting: RHB Daniel Samano
|
0-0: SINGLE (Flyball, 8RS, EV 85.6 MPH)
|
Batting: RHB John Piccolo
|
0-0: Called Strike Daniel Samano steals 2nd base 0-1: Ball 1-1: Called Strike 1-2: Strikes out swinging
|
Batting: RHB Jorge Benites
|
0-0: Intentional Walk
|
Batting: RHB Ryan Alban
|
0-0: Ball 1-0: Called Strike 1-1: Ball 2-1: Foul Ball, location: 2F 2-2: Foul Ball, location: 2F 2-2: Foul Ball, location: 2F 2-2: 3-RUN HOME RUN (Flyball, 7D, EV 96.2 MPH), Distance : 369 ft
|
Pitching: RHP Tim Weller
|
|
Batting: RHB Steve Perez
|
0-0: Ball 1-0: Ball 2-0: Foul Ball, location: 2F 2-1: Called Strike 2-2: Ball 3-2: DOUBLE (Flyball, 8LXD, EV 88.8 MPH)
|
Batting: RHB Tommie Lee
|
0-0: Called Strike 0-1: DOUBLE (Flyball, 8LXD, EV 96.9 MPH) Steve Perez scores
|
Batting: SHB Justin Toth
|
0-0: Called Strike 0-1: Fly out, F8 (Flyball, 8LXD, EV 108.8 MPH) Runner from 2nd tags up, SAFE at 3rd, no throw by CF
|
Batting: RHB Jim Rogers
|
0-0: Ball 1-0: Fly out, F8 (Flyball, 8LD, EV 91.2 MPH)
|
Top of the 7th over - 4 runs, 4 hits, 0 errors, 1 left on base; Rancho Cucamonga 8 - Fort Myers 2 |
BOTTOM OF THE 7TH |
Fort Myers Miracle batting - Pitching for Rancho Cucamonga Quakes : RHP Nobuharu Kobayashi
|
Batting: LHB Tomas Espino
|
0-0: DOUBLE (Flyball, 8LXD, EV 89.4 MPH)
|
Batting: RHB Kevin Harris
|
0-0: Fly out, F7 (Line Drive, 7D, EV 88.1 MPH) Runner from 2nd tags up, SAFE at 3rd, no throw by LF
|
Batting: RHB Graham Calvert
|
0-0: Called Strike 0-1: Fly out, F6 (Popup, 25, EV 90.0 MPH)
|
Batting: RHB Tony Crespo
|
0-0: Ball 1-0: Called Strike 1-1: Ball 2-1: SINGLE (Groundball, 6MD, EV 83.8 MPH) (infield hit) Tomas Espino scores
|
Batting: LHB Marshall Daul
|
0-0: Called Strike 0-1: Called Strike 0-2: Fly out, F5 (Popup, 15, EV 77.5 MPH)
|
Bottom of the 7th over - 1 run, 2 hits, 0 errors, 1 left on base; Rancho Cucamonga 8 - Fort Myers 3 |
TOP OF THE 8TH |
Rancho Cucamonga Quakes batting - Pitching for Fort Myers Miracle : RHP Tim Weller
|
Batting: RHB Mike Dodson
|
0-0: Ball 1-0: Called Strike 1-1: Ball 2-1: Foul Ball, location: 2F 2-2: Ball 3-2: Base on Balls
|
Batting: RHB Daniel Samano
|
0-0: Ball 1-0: Swinging Strike 1-1: Foul Ball, location: 2F 1-2: Strikes out swinging
|
Batting: RHB John Piccolo
|
0-0: Ball 1-0: Ball 2-0: Called Strike 2-1: Swinging Strike 2-2: Ball 3-2: Strikes out swinging Mike Dodson is caught stealing 2nd base 2-4 Batter strikes out.
|
Top of the 8th over - 0 runs, 0 hits, 0 errors, 0 left on base; Rancho Cucamonga 8 - Fort Myers 3 |
BOTTOM OF THE 8TH |
Fort Myers Miracle batting - Pitching for Rancho Cucamonga Quakes : RHP Nobuharu Kobayashi
|
Batting: SHB Matt Urbani
|
0-0: Ball 1-0: Called Strike 1-1: Ball 2-1: Ball 3-1: Base on Balls
|
Batting: RHB Ryan Gautney
|
0-0: 2-RUN HOME RUN (Line Drive, 7D, EV 99.4 MPH), Distance : 377 ft
|
Pitching: LHP Ben Moore
|
|
Batting: RHB John Dew
|
0-0: Ball 1-0: Ball 2-0: SINGLE (Flyball, 3D, EV 94.4 MPH)
|
Batting: SHB Manny Molina
|
0-0: Ball Passed Ball! John Dew to second 1-0: Swinging Strike 1-1: Ball 2-1: Ground out 6-3 (Groundball, 6S, EV 91.9 MPH) John Dew to third
|
Pinch Hitting: RHB Leo Gonzalez
|
0-0: Ball 1-0: Ball 2-0: Called Strike 2-1: Fly out, F7 (Flyball, 7S, EV 88.1 MPH)
|
Batting: RHB Kevin Harris
|
0-0: Called Strike 0-1: Foul Ball, location: 2F 0-2: Ball 1-2: Ball 2-2: Strikes out swinging
|
Bottom of the 8th over - 2 runs, 2 hits, 0 errors, 1 left on base; Rancho Cucamonga 8 - Fort Myers 5 |
TOP OF THE 9TH |
Rancho Cucamonga Quakes batting - Pitching for Fort Myers Miracle : RHP Tim Weller
|
Now at 1B: Leo Gonzalez
|
|
Batting: RHB Jorge Benites
|
0-0: Swinging Strike 0-1: Ball 1-1: Foul Ball, location: 2F 1-2: Foul Ball, location: 2F 1-2: Foul Ball, location: 2F 1-2: Ground out 6-3 (Groundball, 6, EV 83.8 MPH)
|
Batting: RHB Ryan Alban
|
0-0: Ball 1-0: SINGLE (Line Drive, 7S, EV 103.8 MPH)
|
Batting: RHB Steve Perez
|
0-0: Grounds into double play, 6-4-3 (Groundball, 6, EV 84.4 MPH)
|
Top of the 9th over - 0 runs, 1 hit, 0 errors, 0 left on base; Rancho Cucamonga 8 - Fort Myers 5 |
BOTTOM OF THE 9TH |
Fort Myers Miracle batting - Pitching for Rancho Cucamonga Quakes : LHP Ben Moore
|
Batting: RHB Graham Calvert
|
0-0: Ball 1-0: Foul Ball, location: 2F 1-1: Ball 2-1: Ground out 6-3 (Groundball, 6, EV 97.5 MPH)
|
Batting: RHB Tony Crespo
|
0-0: Ground out U3 (Groundball, 13, EV 86.2 MPH)
|
Batting: LHB Marshall Daul
|
0-0: Called Strike 0-1: Foul Ball, location: 2F 0-2: Strikes out swinging
|
Bottom of the 9th over - 0 runs, 0 hits, 0 errors, 0 left on base; Rancho Cucamonga 8 - Fort Myers 5 |
|